 Dungeon Crawl Stone Soup version 0.23-a0-393-g6e9e0f2070 (webtiles) character file.

4021 Banto the Covert (level 10, -4/55 (56) HPs)
             Began as an Octopode Earth Elementalist on Oct 31, 2018.
             Was an Initiate of Sif Muna.
             Killed from afar by an orc wizard (7 damage)
             ... with a puff of flame
             ... on level 8 of the Dungeon.
             The game lasted 00:12:10 (9790 turns).

Banto the Covert (Octopode Earth Elementalist)      Turns: 9790, Time: 00:12:10

HP:   -4/55 (56)    AC:  1    Str:  8    XL:     10   Next: 23%
MP:   32/32         EV: 13    Int: 20    God:    Sif Muna [......]
Gold: 362           SH:  0    Dex: 13    Spells: 5/15 levels left

rFire    . . .     SeeInvis .   p - +3 dagger (drain)
rCold    . . .     Gourm    .   (no shield)
rNeg     . . .     Faith    .   (helmet restricted)
rPois    .         Spirit   .   (no amulet)
rElec    .         Reflect  .   o - ring of magical power
rCorr    .         Harm     .   v - ring of magical power
MR       .....                  (no ring)
Stlth    +++++.....             (no ring)
HPRegen  0.18/turn              (no ring)
MPRegen  0.23/turn              (no ring)
                                (no ring)
                                (no ring)

@: no status effects
A: almost no armour, stealthy swim, amphibious, 8 rings, constrict 8, camouflage
1, gelatinous body 1
a: Renounce Religion


You were on level 8 of the Dungeon.
You worshipped Sif Muna.
Sif Muna was noncommittal.
You were hungry.

You visited 2 branches of the dungeon, and saw 9 of its levels.
You also visited: Ossuary.

You collected 362 gold pieces.

Inventory:

Hand Weapons
 h - a +0 dagger of venom
 p - a +3 dagger of draining (weapon)
Missiles
 b - 201 stones (quivered)
Jewellery
 d - an uncursed ring of ice
 o - a ring of magical power (left tentacle)
 v - a ring of magical power (right tentacle)
Wands
 q - a wand of random effects (21)
 s - a wand of digging (7)
 u - a wand of disintegration (10)
 w - a wand of flame (10)
Scrolls
 e - 7 scrolls of teleportation
 g - 6 scrolls of remove curse
 x - a scroll of enchant armour
 y - 2 scrolls of fear
 B - a scroll of amnesia
 C - 3 scrolls of fog
Potions
 a - 5 potions of heal wounds {unknown}
 f - 2 potions of degeneration {unknown}
 i - 4 potions of flight
 j - a potion of cancellation {unknown}
 k - 6 potions of might
 l - 2 potions of agility {unknown}
 m - 6 potions of curing {unknown}
 n - a potion of lignification {unknown}
 r - a potion of magic {unknown}
 t - 2 potions of berserk rage {unknown}
 A - 2 potions of brilliance {unknown}
Comestibles
 c - 10 rations


   Skills:
 + Level 6.9 Short Blades
 - Level 2.0 Dodging
 + Level 10.6 Stealth
 - Level 3.0 Spellcasting
 + Level 6.9 Transmutations
 + Level 7.9 Earth Magic


You had 5 spell levels left.
You knew the following spells:

 Your Spells              Type           Power        Failure   Level  Hunger
a - Sandblast             Erth           ####..       1%          1    None
b - Passwall              Tmut/Erth      ####....     1%          2    ##.....
c - Stone Arrow           Conj/Erth      ###...       9%          3    ###....
d - Petrify               Tmut/Erth      ####....     7%          4    ####...

Your spell library contained the following spells:

 Spells                   Type           Power        Failure   Level  Hunger
 Beastly Appendage        Tmut           ####..       1%          1    None
 Sticks to Snakes         Tmut           ####....     1%          2    ##.....
 Spider Form              Tmut/Pois      ###.......   10%         3    ###....
 Lee's Rapid Deconstruct  Erth           ####......   16%         5    ######.
 Blade Hands              Tmut           ####......   22%         5    ######.
 Ice Form                 Ice/Tmut       ###.....     32%         4    ####...


Dungeon Overview and Level Annotations

Branches:
Dungeon (8/15)             Temple (1/1) D:7
   Lair: D:8-11

Altars:
Ashenzari
Elyvilon
Hepliaklqana
Kikubaaqudgha
Makhleb
Nemelex Xobeh
Okawaru
Ru
Sif Muna
Trog
Uskayaw
Vehumet
Wu Jian
Xom
Yredelemnul
Zin

Annotations:
D:7 3 runed doors, PikkenKukken's ghost, novice SpWr


Innate Abilities, Weirdness & Mutations

You cannot wear most types of armour.
You are very stealthy in the water. (Stealth+)
You are amphibious.
You can wear up to eight rings at the same time.
You can use your tentacles to constrict eight enemies at once.
Your skin changes colour to match your surroundings (Stealth+).
Your rubbery body absorbs attacks. (AC +1, EV +1)


Message History

The orc wizard flickers and vanishes!
Deactivating autopickup; reactivate with Ctrl-A.
The orc warrior hits you with a +0 long sword!!
* * * LOW HITPOINT WARNING * * *
You take 20 damage, and have 15/55 hp.
MASSIVE DAMAGE!!
You now have 28/32 mp.
You hear some strange, mumbled words.
A puff of frost appears from out of thin air!
The puff of frost hits you!
* * * LOW HITPOINT WARNING * * *
You take 11 damage, and have 6/55 hp.
A puff of flame appears from out of thin air!
The puff of flame hits you!
* * * LOW HITPOINT WARNING * * *
You take 5 damage, and have 1/55 hp.
Okay, then.
MP restored: 32 The orc warrior curses loudly.
A puff of flame appears from out of thin air!
The puff of flame hits you!
You die...

####...#..########
...................
#########oo########
#..# #.o####
#..##.## #..#...##
#.o{....##
#.....@.)#########
#..)......<.......
##.......#########
##......# ##...#.#
##.#...# ###....
#...## ###


You could see an orc warrior.

Vanquished Creatures
  2 slime creatures (D:5)
  Prince Ribbit (D:7)
  Menkaure (D:7)
  4 orc warriors
  A necrophage (D:5)
  A phantom (D:6)
  2 ogres
  3 big kobolds (D:5)
  Blork the orc (D:5)
  2 bullfrogs
  A water moccasin skeleton (D:7)
  11 killer bees (D:7)
  4 wights (D:7)
  A howler monkey (D:4)
  A crimson imp (D:5)
  4 bullfrog zombies
  A bullfrog skeleton (D:5)
  6 centaur zombies (Ossuary)
  5 orc priests
  2 hounds
  6 jellies
  4 worker ants
  2 orc wizards
  15 mummies
  A worker ant zombie (Ossuary)
  A howler monkey skeleton (D:6)
  3 gnolls (D:4)
  8 adders
  2 shadow imps
  7 oozes
  2 adder zombies (Ossuary)
  5 worms
  3 dart slugs
  2 leopard geckos
  32 orcs
  5 giant cockroaches
  8 goblins
  5 hobgoblins
  11 jackals
  3 quokkas
  4 ball pythons
  5 bats
  8 frilled lizards
  A giant cockroach zombie (Ossuary)
  A jackal skeleton (D:4)
  13 kobolds
  A leopard gecko skeleton (D:4)
  6 rats
  A fungus (D:5)
219 creatures vanquished.

Vanquished Creatures (others)
  A quokka (D:5)
  6 fungi
  3 plants (D:7)
  7 toadstools (D:5)
  4 withered plants (Ossuary)
21 creatures vanquished.

Grand Total: 240 creatures vanquished

Notes
Turn   | Place    | Note
-------+----------+-------------------------------------------
     0 | D:1      | Banto the Octopode Earth Elementalist began the quest for
                  | the Orb.
     0 | D:1      | Reached XP level 1. HP: 11/11 MP: 3/3
    95 | D:1      | Reached skill level 3 in Stealth
   426 | D:1      | Reached XP level 2. HP: 11/17 MP: 5/5
  1594 | D:2      | Reached skill level 4 in Stealth
  1594 | D:2      | Reached XP level 3. HP: 15/21 MP: 3/6
  1689 | D:2      | Learned a level 2 spell: Passwall
  1693 | D:2      | Learned a level 3 spell: Stone Arrow
  1795 | D:2      | Found a glowing silver altar of Zin.
  1978 | D:2      | Reached XP level 4. HP: 24/27 MP: 2/7
  2655 | D:3      | Reached skill level 1 in Short Blades
  2856 | D:3      | Reached XP level 5. HP: 26/31 MP: 3/8
  3425 | D:2      | Found an ornate altar of the Wu Jian Council.
  3450 | D:4      | Reached skill level 5 in Stealth
  3514 | D:4      | Reached XP level 6. HP: 28/36 MP: 6/10
  3841 | D:4      | Found a sparkling altar of Nemelex Xobeh.
  3900 | D:4      | Learned a level 4 spell: Petrify
  4199 | D:5      | Entered Level 5 of the Dungeon
  4209 | D:5      | Found a shattered altar of Ashenzari.
  4287 | D:5      | Reached XP level 7. HP: 31/41 MP: 11/11
  4320 | D:5      | Reached skill level 6 in Stealth
  4488 | D:5      | Found a radiant altar of Vehumet.
  4612 | D:5      | Reached skill level 5 in Earth Magic
  5160 | D:6      | Reached skill level 7 in Stealth
  5160 | D:6      | Reached XP level 8. HP: 45/45 MP: 9/12
  5306 | D:5      | Noticed Blork the orc
  5312 | D:5      | Killed Blork the orc
  5422 | D:5      | Noticed a slime creature
  5423 | D:5      | Noticed a slime creature
  5435 | D:5      | Killed a slime creature
  5566 | D:5      | Reached skill level 8 in Stealth
  5582 | D:5      | Killed a slime creature
  5582 | D:5      | Reached skill level 5 in Transmutations
  5892 | D:6      | Found a basalt altar of Yredelemnul.
  5951 | D:6      | Reached skill level 5 in Short Blades
  5951 | D:6      | Reached XP level 9. HP: 44/50 MP: 13/13
  6430 | D:7      | Found a sand-covered staircase.
  6540 | Ossuary  | Entered an ossuary
  6639 | Ossuary  | Reached skill level 9 in Stealth
  7511 | D:7      | Found a runed gate.
  7512 | D:7      | Noticed a kobold demonologist
  7513 | D:7      | Found a runed gate.
  7513 | D:7      | Found a runed gate.
  7513 | D:7      | Noticed PikkenKukken's ghost (novice SpWr)
  8082 | D:7      | Found a burning altar of Makhleb.
  8139 | D:7      | Noticed Menkaure
  8153 | D:7      | Killed Menkaure
  8265 | D:7      | Found a staircase to the Ecumenical Temple.
  8442 | D:7      | Reached skill level 10 in Stealth
  8661 | Temple   | Entered the Ecumenical Temple
  8697 | Temple   | Became a worshipper of Sif Muna the Loreminder
  8724 | D:7      | Reached XP level 10. HP: 34/55 MP: 14/14
  9297 | D:7      | Noticed Prince Ribbit
  9299 | D:7      | Killed Prince Ribbit
  9734 | D:8      | Found an iron altar of Okawaru.
  9780 | D:8      | HP: 1/55 [something/puff of flame (5)]
  9790 | D:8      | Killed from afar by an orc wizard

Vault maps used:
D:1:      lightli_arrival_isolated_outpost
D:2:      lemuel_upstairs_altar, lemuel_crystal_altar,
          chequers_serial_rivers_large_a
D:3:      first_ration, feat_on_display
D:4:      nemelex_xobeh_ov_fountains_minmay
D:5:      cheibrodos_fertilizer, fiery_altar_vehumet, evilmike_ruin_ashenzari,
          uniq_blork_the_orc
D:6:      kennysheep_mini_moat
D:7:      lemuel_crystal_altar, minmay_temple_entry_statues_fountains,
          gup_ossuary_entry_pyramid, gammafunk_ghost_nasty_kobolds,
          uniq_menkaure, uniq_prince_ribbit1
D:8:      okawaru_gym_becter
Temple:   regret_index_temple_sphere_string
Ossuary:  ossuary_zaba_flooded

Skill      XL: |  1  2  3  4  5  6  7  8  9 |
---------------+----------------------------+-----
Stealth        | 3 4 5 7 8 10 | 10.6
Short Blades   | 1 2 3 5 6 |  6.9
Earth Magic    | 4 5 6 7 |  7.9
Transmutations | 2 3 5 6 |  6.9
Spellcasting   | 3 |  3.0
Dodging        | |  2.0

Action                   |  1- 3 |  4- 6 |  7- 9 | 10-12 || total
-------------------------+-------+-------+-------+-------++-------
Melee: Short sword       |     5 |       |       |       ||     5
       Unarmed           |     5 |       |       |       ||     5
       Constrict         |    18 |    38 |    26 |    10 ||    92
       Tentacles         |    10 |    13 |    24 |    11 ||    58
       Dagger            |    46 |   128 |   178 |    52 ||   404
 Cast: Sandblast         |    15 |    28 |   101 |     2 ||   146
       Passwall          |       |     3 |     4 |     1 ||     8
       Petrify           |       |       |    24 |     5 ||    29
  Use: Scroll            |     2 |     5 |     2 |     2 ||    11
 Stab: Sleeping          |     3 |    21 |    16 |     9 ||    49
       Petrified         |       |       |    16 |     3 ||    19
       Distracted        |       |       |     1 |       ||     1
  Eat: Chunk             |     3 |     7 |     5 |     5 ||    20
       Ration            |       |       |     4 |       ||     4
Armor: Skin              |     5 |     8 |     6 |     1 ||    20
Dodge: Dodged            |    36 |    78 |    98 |    19 ||   231

Table legend:
 A = Non-vault XP
 B = Vault XP
 C = Vault XP percentage of total XP
 D = Non-vault monster count
 E = Vault monster count
 F = Vault count percentage of total count
                 A         B        C        D         E       F
            +---------+---------+-------+---------+---------+-------
      Total |    3328 |    2417 |  42.1 |     169 |      49 |  22.5
            +---------+---------+-------+---------+---------+-------
        D:1 |      27 |       0 |   0.0 |      16 |       0 |   0.0
        D:2 |      70 |       0 |   0.0 |      24 |       0 |   0.0
        D:3 |     175 |       0 |   0.0 |      35 |       0 |   0.0
        D:4 |     232 |       0 |   0.0 |      16 |       0 |   0.0
        D:5 |     436 |    1170 |  72.9 |      18 |      19 |  51.4
        D:6 |     632 |       0 |   0.0 |      13 |       0 |   0.0
        D:7 |    1551 |     445 |  22.3 |      41 |       3 |   6.8
        D:8 |     205 |       0 |   0.0 |       6 |       0 |   0.0
    Ossuary |       0 |     802 | 100.0 |       0 |      27 | 100.0
            +---------+---------+-------+---------+---------+-------

Table legend:
 A = Turns spent in this place as a percentage of turns spent in the entire game.
 B = Non-inter-level travel turns spent in this place as a percentage of non-inter-level travel turns spent in the entire game.
 C = Inter-level travel turns spent in this place as a percentage of turns spent in this place.
 D = Turns resting spent in this place as a percentage of non-inter-level travel turns spent in this place.
 E = Turns spent auto-exploring this place as a percentage of non-inter-level travel turns spent in this place.
 F = Non-inter-level travel turns spent in this place divided by the number of levels of this place that you've seen.
                   A       B       C       D       E      F
               +-------+-------+-------+-------+-------+----------------------
         Total | 100.0 | 100.0 |   3.7 |  39.1 |  38.6 | 942.9
       Dungeon |  90.4 |  90.2 |   4.0 |  36.8 |  41.2 | 1062.9
        Temple |   0.5 |   0.4 |  22.0 |  12.8 |  56.4 |  39.0
       Ossuary |   9.1 |   9.4 |   0.0 |  62.0 |  13.4 | 887.0
               +-------+-------+-------+-------+-------+----------------------

Table legend:
 A = Kills in this place as a percentage of kills in entire the game.
 B = Kills by you in this place as a percentage of kills by you in the entire game.
 C = Kills by friends in this place as a percentage of kills by friends in the entire game.
 D = Other kills in this place as a percentage of other kills in the entire game.
 E = Experience gained in this place as a percentage of experience gained in the entire game.
 F = Experience gained in this place divided by the number of levels of this place that you have seen.
                   A       B       C       D       E      F
               +-------+-------+-------+-------+-------+----------------------
         Total | 100.0 | 100.0 |   N/A |   N/A | 100.0 | 574.5
       Dungeon |  87.6 |  87.6 |   N/A |   N/A |  86.0 | 617.9
       Ossuary |  12.4 |  12.4 |   N/A |   N/A |  14.0 | 802.0
               +-------+-------+-------+-------+-------+----------------------
